 Dungeon Crawl Stone Soup version 0.29.1-1-gd02db6906a (webtiles) character file.

Game seed: 6656399671719007348

971 LustLizard the Slasher (level 7, -1/55 HPs)
             Began as a Demonspawn Fighter on Oct 8, 2022.
             Slain by a two-headed ogre
             ... wielding a +0 giant club
              (13 damage)
             ... on level 5 of the Dungeon.
             The game lasted 00:10:03 (6223 turns).

LustLizard the Slasher (Demonspawn Fighter)         Turns: 6223, Time: 00:10:05

Health: -1/55      AC:  9    Str: 16    XL:     7   Next: 94%
Magic:  7/7        EV: 11    Int: 10    God:
Gold:   330        SH:  4    Dex: 14    Spells: 6/6 levels left

rFire   . . .      SeeInvis .   a - +0 long sword
rCold   . . .      Faith    .   c - +0 buckler
rNeg    . . .      Spirit   .   w - +0 ring mail {rPois}
rPois   +          Reflect  .   t - +1 helmet
rElec   .          Harm     .   (no cloak)
rCorr   .          Rampage  .   (no gloves)
Will    .....                   (no boots)
Stlth   +.........              e - amulet of the acrobat
HPRegen 0.18/turn               (no ring)
MPRegen 0.10/turn               (no ring)

@: no status effects
A: foul stench 1, sharp scales 1, demonic touch 2
a: no special abilities


You were on level 5 of the Dungeon.
You visited 1 branch of the dungeon, and saw 5 of its levels.

You collected 330 gold pieces.

Inventory:

Hand Weapons
 a - a +0 long sword (weapon)
Missiles
 h - 32 stones (quivered)
 z - 2 javelins
 C - 5 boomerangs
Armour
 b - a +0 scale mail
 c - a +0 buckler (worn)
 l - a +3 leather armour
 s - the +3 leather armour "Met Okecute" {*Corrode rPois Will+}
   (You took it off an orc on level 2 of the Dungeon)

   rPois:     It protects you from poison.
   *Corrode:  It may corrode you when you take damage.
   Will:      It increases your willpower.
 t - a +1 helmet (worn)
 w - a +0 ring mail of poison resistance (worn)
 B - a +0 plate armour
Jewellery
 e - an amulet of the acrobat (around neck)
 k - an amulet of faith
 F - an amulet of guardian spirit
Scrolls
 f - 3 scrolls of identify
 m - a scroll of noise {unknown}
 p - 2 scrolls of teleportation
 r - a scroll of brand weapon {unknown}
 u - a scroll of fog {unknown}
 v - 2 scrolls of blinking {unknown}
 x - 2 scrolls of magic mapping {unknown}
 y - 3 scrolls of vulnerability
Potions
 d - 2 potions of might
 g - 3 potions of attraction
 j - a potion of haste
 n - a potion of curing
 o - a potion of invisibility
 q - a potion of ambrosia
 A - 2 potions of mutation
 D - a potion of berserk rage
 E - a potion of brilliance


   Skills:
 + Level 4.9 Fighting
 * Level 5.3 Long Blades
 - Level 4.0 Throwing
 + Level 3.7 Armour
 + Level 2.3 Dodging
 - Level 2.6 Shields


You had 6 spell levels left.
You didn't know any spells.
Your spell library was empty.

Dungeon Overview and Level Annotations

Branches:
Dungeon (5/15)
 Temple: D:4-7

Altars:
Qazlal
Uskayaw
Wu Jian
Xom
Yredelemnul


Innate Abilities, Weirdness & Mutations

You may rarely emit foul miasma when damaged in melee.
You are partially covered in razor-sharp scales. (AC +1, Slay +1)
Your touch may inflict irresistible damage on your foes.


Message History

i - 5 poisoned darts (gained 1)
Things that are here:
a +0 leather armour; a +0 dagger The two-headed ogre shouts in stereo!
You throw a poisoned dart.
The poisoned dart hits the two-headed ogre.
The two-headed ogre is poisoned.
You throw a poisoned dart.
The poisoned dart barely misses the two-headed ogre.
You throw a poisoned dart.
The poisoned dart hits the two-headed ogre.
The two-headed ogre looks even sicker.
The two-headed ogre is lightly wounded.
You throw a poisoned dart.
The poisoned dart hits the two-headed ogre!
The two-headed ogre looks as sick as possible!
The two-headed ogre is lightly wounded.
You throw a poisoned dart.
The poisoned dart hits the two-headed ogre.
The two-headed ogre looks as sick as possible!
The two-headed ogre is lightly wounded.
You throw a stone. The stone hits the two-headed ogre.
The two-headed ogre is moderately wounded.
You hit the two-headed ogre.
The two-headed ogre is moderately wounded.
The two-headed ogre barely misses you.
The two-headed ogre hits you with a +0 dire flail!
You hit the two-headed ogre but do no damage.
The two-headed ogre is heavily wounded.
The two-headed ogre hits you with a +0 giant club.
The two-headed ogre hits you with a +0 dire flail!
You emit a cloud of foul miasma!
You hit the two-headed ogre.
The two-headed ogre is heavily wounded.
The two-headed ogre is engulfed in dark miasma.
The two-headed ogre looks even sicker.
The two-headed ogre hits you with a +0 giant club!!
* * * LOW HITPOINT WARNING * * *
The two-headed ogre hits you with a +0 dire flail!
You die...

.#'#P.....)......................
##P...........................
#P..#..#.....................
##P..##.#...............#.....
.###PP..#..#...............#.....
..PPP........##.)..~~~...........
........##...#.#...~~~...........
(.(.....(..........~~~...........
......#...##.#.O@..~~~...#.......
......##...#..###...8...####..O..
......###...[##.#......####......
....... ##........#...#.##..[....
##.....##.........#........###..#
.#........)..##..........#..##.##
........<.#...#.>...............#
..........##................###..
..#.###.....................#...#


You could see a two-headed ogre (very poisoned).

Vanquished Creatures
  2 ogres
  A centaur (D:5)
  2 necrophages (D:5)
  3 scorpions (D:4)
  2 hounds
  A gnoll bouda (D:5)
  3 iguanas (D:5)
  2 orc wizards
  4 gnolls (D:2)
  4 adders
  A shadow imp (D:5)
  2 worms (D:2)
  4 dart slugs
  12 orcs
  5 ball pythons
  2 endoplasms
  3 giant cockroaches
  7 hobgoblins
  13 jackals
  6 quokkas
  3 bats
  3 frilled lizards
  7 goblins
  6 kobolds
  5 rats
103 creatures vanquished.

Vanquished Creatures (others)
  A white imp (D:5)
  2 fungi (D:4)
3 creatures vanquished.

Grand Total: 106 creatures vanquished

Notes
Turn   | Place    | Note
-------+----------+-------------------------------------------
     0 | D:1      | LustLizard the Demonspawn Fighter began the quest for the
                  | Orb.
     0 | D:1      | Reached XP level 1. HP: 18/18 MP: 1/1
    77 | D:1      | Reached skill level 2 in Long Blades
   270 | D:1      | Gained mutation: You may rarely emit foul miasma when
                  | damaged in melee. [demonic ancestry]
   270 | D:1      | Reached XP level 2. HP: 22/24 MP: 2/2
   427 | D:1      | Found a faded altar of an unknown god.
  1110 | D:2      | Reached XP level 3. HP: 19/29 MP: 3/3
  1229 | D:2      | Reached skill level 1 in Throwing
  1430 | D:2      | Found an ornate altar of the Wu Jian Council.
  1458 | D:2      | Reached skill level 3 in Long Blades
  1458 | D:2      | Reached XP level 4. HP: 29/35 MP: 4/4
  1539 | D:2      | Identified the +3 leather armour "Met Okecute" {*Corrode
                  | rPois Will+}
  2564 | D:3      | Gained mutation: Your touch may inflict minor irresistible
                  | damage on your foes. [demonic ancestry]
  2564 | D:3      | Reached XP level 5. HP: 42/42 MP: 5/5
  3777 | D:4      | Gained mutation: Your touch may inflict irresistible damage
                  | on your foes. [demonic ancestry]
  3777 | D:4      | Reached XP level 6. HP: 44/48 MP: 6/6
  3855 | D:4      | Reached skill level 4 in Long Blades
  4026 | D:4      | Found a stormy altar of Qazlal.
  4114 | D:4      | Reached skill level 1 in Dodging
  5106 | D:5      | Entered Level 5 of the Dungeon
  5229 | D:5      | Gained mutation: You are partially covered in razor-sharp
                  | scales. (AC +1, Slay +1) [demonic ancestry]
  5229 | D:5      | Reached XP level 7. HP: 50/54 MP: 7/7
  5760 | D:5      | Reached skill level 5 in Long Blades
  6034 | D:5      | Found a hide-covered altar of Uskayaw.
  6034 | D:5      | Found a basalt altar of Yredelemnul.
  6036 | D:5      | Found a shimmering altar of Xom.
  6099 | D:5      | Noticed a two-headed ogre
  6223 | D:5      | Slain by a two-headed ogre

Illustrated notes

Levels and vault maps discovered:
D:1:      sevenhm_arrival_forest_fort_small_3, layout_loops_ring,
          shapermc_ecumenical_altar_mp_highgroup, nicolae_figureground_sparkle
D:2:      layout_basic, basic_altar
D:3:      layout_loops_corners, lemuel_crystal_altar
D:4:      layout_layer_cave, mainiacjoe_overflow_boulevard
D:5:      layout_cave_pools, nicolae_overflow_hidden_temple, serial_park,
          serial_park_tiny_2, serial_park_tiny_2, serial_park_tiny_pond,
          serial_park_gazebo [serial_park_minivault_5x5_3],
          serial_park_tiny_pond

Skill      XL: |  1  2  3  4  5  6  7 |
---------------+----------------------+-----
Long Blades    | 2 3 4 5 |  5.3
Throwing       | 1 2 3 4 |  4.0
Fighting       | 4 |  4.9
Armour         | 3 |  3.7
Dodging        | 1 2 |  2.3
Shields        | |  2.6

Action                   |  1- 3 |  4- 6 |  7- 9 || total
-------------------------+-------+-------+-------++-------
Melee: Long sword        |   115 |   187 |    88 ||   390
Throw: Dart              |     5 |     8 |    15 ||    28
       Stone             |     1 |       |     1 ||     2
       Javelin           |       |       |     2 ||     2
       Boomerang         |       |       |     1 ||     1
  Use: Scroll            |       |     8 |     2 ||    10
 Stab: Sleeping          |       |     1 |       ||     1
Armor: Scale mail        |    28 |       |       ||    28
       Leather armour    |    14 |    26 |       ||    40
       Ring mail         |       |    48 |    58 ||   106
Dodge: Dodged            |    64 |   103 |    78 ||   245
Block: Buckler           |    24 |    46 |    24 ||    94
